[Event "Sunday 21 January Rapid Engine Tour 12+1 Rounds 9 Starts 1600 ST"]
[Site "Infinity Chess"]
[Date "2018.1.21"]
[Round "3"]
[White "RonWeasley"]
[Black "Murx"]
[Result "1/2-1/2"]
[ECO "B97"]
[WhiteElo "2491"]
[BlackElo "2509"]
[WhiteEngine "BrainFish 130117_CTG"]
[BlackEngine "BrainFish_180113_x64_modern"]
[EventType "Swiss"]
[WhiteTeam ""]
[BlackTeam ""]
[PlyCount "92"]
[TimeControl "720+1"]

1. e4 c5 2. Nf3 d6 3. d4 cxd4 4. Nxd4 Nf6 5. Nc3 a6 6. Bg5 e6 7. f4 Qb6 
8. Nb3 Be7 9. Qd2 Nbd7 10. O-O-O h6 11. Bxf6 Nxf6 12. Kb1 Qc7 13. g4 b5 
14. a3 Bb7 15. Bg2 Nxg4 16. Rhg1 Qb6 17. Nd4 O-O-O 18. Bh3 h5 19. f5 Bf6 
20. Bxg4 hxg4 21. fxe6 Bxd4 22. Qxd4 Qxd4 23. Rxd4 fxe6 24. Rxg4 Rxh2 
25. Rxg7 e5 26. Rb4 Rd7 27. Rg8+ Rd8 28. Rg7 Rh1+ 29. Ka2 Rd7 30. Rg8+ Rd8 
31. Rg7 Bc6 32. Nd5 Bxd5+ 33. exd5 Rd1 34. Ra7 Rxd5 35. Rh4 Kb8 36. Rhh7 Re8 
37. Rxa6 e4 38. Rb6+ Ka8 39. Ra6+ Kb8 40. Rb6+ Kc8 41. b3 Rc5 42. Kb2 e3 
43. Ra6 Kb8 44. Rb6+ Kc8 45. Ra6 Kb8 46. Rb6+ Kc8 1/2-1/2

[Event "Sunday 21 January Rapid Engine Tour 12+1 Rounds 9 Starts 1600 ST"]
[Site "Infinity Chess"]
[Date "2018.1.21"]
[Round "2"]
[White "Katzenmaier"]
[Black "IronMan"]
[Result "1/2-1/2 "]
[ECO "C26"]
[WhiteElo "2434"]
[BlackElo "2387"]
[WhiteEngine "S_XPrO.211217.x64.POPCNT_CTG"]
[BlackEngine "Eman 1.58 64-bit BMI2"]
[EventType "Swiss"]
[WhiteTeam ""]
[BlackTeam ""]
[PlyCount "310"]
[TimeControl "720+1"]

1. e4 e5 2. Nc3 Nf6 3. g3 Bc5 4. Bg2 a5 5. d3 d6 6. Nge2 O-O 7. h3 Nc6 
8. O-O Rb8 9. a4 Re8 10. Kh2 Nb4 11. f4 c6 12. Nb1 h6 13. Nd2 Bb6 14. Nc4 Bc7 
15. fxe5 dxe5 16. Bd2 Be6 17. Ne3 Bb6 18. Nc3 Na6 19. Nf5 Bxf5 20. Rxf5 Re6 
21. Rc1 Bc5 22. Qe2 Nb4 23. Nd1 b6 24. h4 Qe7 25. Bh3 Rd6 26. Qg2 Nh7 
27. Rf3 Rbd8 28. Ne3 Bxe3 29. Bxe3 c5 30. Bf5 Nc6 31. Rcf1 Rf8 32. R3f2 Nd4 
33. Kh3 Kh8 34. b3 h5 35. Kh2 Kg8 36. Bh3 Rc6 37. Kh1 Rd6 38. Qg1 Rc6 
39. Rb1 Rf6 40. Rg2 Rd6 41. Qe1 Kh8 42. Qd1 g6 43. Rf2 Rfd8 44. Qf1 Kg8 
45. Rd1 Rf6 46. Rdd2 Rxf2 47. Rxf2 Re8 48. Qe1 Rd8 49. Qb1 Nc6 50. Qf1 Rd6 
51. Rd2 Nd4 52. Kg2 Rf6 53. Qd1 Rc6 54. Kh1 Qf6 55. Kg2 Qe7 56. Kh2 Rd6 
57. Rg2 Qf6 58. Rf2 Qd8 59. Rg2 Qe7 60. Kh1 Qd8 61. Rh2 Qe7 62. Rd2 Rc6 
63. Rf2 Rf6 64. Rg2 Rd6 65. Rh2 Qd8 66. Rd2 Qe7 67. Rh2 Qd8 68. Kg1 Kg7 
69. Rd2 Rf6 70. Bg2 Rd6 71. Bh3 Rf6 72. Kh1 Rd6 73. Rg2 Kg8 74. Rd2 Qc7 
75. Kg2 Qe7 76. Kg1 Rf6 77. Bg2 Rd6 78. Bh3 Rc6 79. Kh2 Nf6 80. Bg5 Ne6 
81. Bh6 Rd6 82. Be3 Nd4 83. Bg5 Ne6 84. Be3 Nd4 85. Rf2 Nh7 86. c3 Ne6 
87. Qf1 Kg7 88. Kg1 Kg8 89. Kg2 Rc6 90. Kh2 Rd6 91. Qe2 Nf6 92. Bc1 Nf8 
93. d4 cxd4 94. Ba3 dxc3 95. Qf3 Kg7 96. Re2 N8d7 97. Bxd7 Qxd7 98. Bxd6 Qxd6 
99. Qxc3 Ng4+ 100. Kg2 Qd1 101. Re1 Qd7 102. Rf1 b5 103. axb5 Qxb5 104. Re1 Qa6 
105. Qf3 Qa7 106. Qe2 Qd4 107. Qf3 Qb2+ 108. Re2 Qd4 109. Re1 a4 110. bxa4 Qxa4 
111. Kh3 Qd4 112. Qe2 Nf2+ 113. Kg2 Ng4 114. Qf3 Qd2+ 115. Re2 Qd7 116. Re1 Qd4 
117. Qe2 Kf8 118. Rb1 Kg7 119. Rc1 Qb6 120. Kh3 Qd4 121. Kg2 Qb6 122. Ra1 Qe6 
123. Ra3 Qf6 124. Ra6 Qe7 125. Ra1 Qc5 126. Re1 Qa3 127. Rg1 Kf8 128. Kh3 Qe7 
129. Rc1 Kg7 130. Ra1 Qb7 131. Kg2 Qb3 132. Kh3 Qb6 133. Kg2 Qd4 134. Re1 Kh7 
135. Kh3 Kg8 136. Rc1 Ne3 137. Re1 Ng4 138. Qg2 Nf2+ 139. Kh2 Kh7 140. Rf1 Ng4+ 
141. Kh1 Kg7 142. Qf3 Qc4 143. Re1 Qa4 144. Qe2 Kg8 145. Qb2 Kg7 146. Kg2 Qa5 
147. Rc1 Kg8 148. Qe2 Qb6 149. Ra1 Qc5 150. Rb1 Qc3 151. Kh3 Kg7 152. Rb8 Qc1 
153. Qf3 Nf6 154. Rb6 Qc8+ 155. Kg2 Qc2+ 1/2-1/2

[Event "Sunday 21 January Rapid Engine Tour 12+1 Rounds 9 Starts 1600 ST"]
[Site "Infinity Chess"]
[Date "2018.1.21"]
[Round "2"]
[White "BraveDevil"]
[Black "Prometheus"]
[Result "1/2-1/2"]
[ECO "E10"]
[WhiteElo "2387"]
[BlackElo "2418"]
[WhiteEngine "Cryptic AIL V1"]
[BlackEngine "Eman 1.58-64bit-IDeA"]
[EventType "Swiss"]
[WhiteTeam ""]
[BlackTeam ""]
[PlyCount "159"]
[TimeControl "720+1"]

1. d4 Nf6 2. c4 e6 3. Nf3 d5 4. Nc3 dxc4 5. e4 Bb4 6. Bg5 c5 7. Bxc4 h6 
8. Bxf6 Qxf6 9. e5 Qd8 10. O-O cxd4 11. Nxd4 O-O 12. Rc1 Bc5 13. Nb3 Bb6 
14. Qe2 Nc6 15. Kh1 Bd7 16. Rfd1 Qe7 17. f4 Rad8 18. a3 f6 19. Na4 fxe5 
20. Nxb6 axb6 21. fxe5 Rf5 22. Qe3 Nxe5 23. Nd4 Nxc4 24. Nxf5 Nxe3 25. Nxe7+ Kf7 
26. Rd3 Ng4 27. Rg3 h5 28. h3 Nf2+ 29. Kh2 Kxe7 30. Rf1 Ne4 31. Rxg7+ Kd6 
32. Rd1+ Kc6 33. Re7 Nd6 34. Rh7 e5 35. Rxh5 Re8 36. Rc1+ Kd5 37. Rd1+ Kc6 
38. Re1 Nf7 39. g4 Be6 40. Rf1 Bc4 41. Rd1 Bb3 42. Rc1+ Kd5 43. Rc3 Bc4 
44. b3 Bb5 45. Rg3 Nd6 46. a4 Be2 47. Re3 Ba6 48. Rg3 Rc8 49. h4 Ne4 50. Rg1 Nd2 
51. Kg2 Nxb3 52. Re1 Rc2+ 53. Kg3 Be2 54. Rh8 Nc5 55. Rd8+ Ke6 56. g5 e4 
57. Rg1 Kf7 58. Rh8 Bc4 59. h5 e3 60. g6+ Kg7 61. Re8 e2 62. Kf4 b5 63. axb5 Rc3 
64. h6+ Kxh6 65. g7 Ne6+ 66. Ke5 Re3+ 67. Kf6 Rf3+ 68. Ke5 Re3+ 69. Kf6 Rf3+ 
70. Ke5 Ng5 71. Kd4 Be6 72. g8=Q Bxg8 73. Rxg8 Rf1 74. R1xg5 e1=Q 75. R8g6+ Kh7 
76. Rg7+ Kh8 77. Rg8+ Kh7 78. R8g7+ Kh8 79. Rg8+ Kh7 80. R8g7+ 1/2-1/2

[Event "Sunday 21 January Rapid Engine Tour 12+1 Rounds 9 Starts 1600 ST"]
[Site "Infinity Chess"]
[Date "2018.1.21"]
[Round "2"]
[White "Thinker"]
[Black "star99"]
[Result "1/2-1/2"]
[ECO "B90"]
[WhiteElo "2427"]
[BlackElo "2448"]
[WhiteEngine "BrainFish_180113_x64_modern_CTG"]
[BlackEngine "Cryptic AIL V1"]
[EventType "Swiss"]
[WhiteTeam ""]
[BlackTeam ""]
[PlyCount "37"]
[TimeControl "720+1"]

1. e4 c5 2. Nf3 d6 3. d4 cxd4 4. Nxd4 Nf6 5. Nc3 a6 6. Be3 e5 7. Nb3 Be7 
8. Be2 Be6 9. Qd3 Nc6 10. a3 Rc8 11. Nd5 O-O 12. Nb6 Rb8 13. Nd5 Rc8 14. c3 Nd7 
15. Nd2 Nc5 16. Qc2 Nd7 17. Qd3 Nc5 18. Qc2 Nd7 19. Qd3 1/2-1/2

[Event "Sunday 21 January Rapid Engine Tour 12+1 Rounds 9 Starts 1600 ST"]
[Site "Infinity Chess"]
[Date "2018.1.21"]
[Round "2"]
[White "incredible"]
[Black "MarioDeMonti"]
[Result "1/2-1/2"]
[ECO "D15"]
[WhiteElo "2448"]
[BlackElo "2449"]
[WhiteEngine "Stockfish_x64_bmi2"]
[BlackEngine "stockfish_x64_bmi2_2018_01_13_CTG"]
[EventType "Swiss"]
[WhiteTeam ""]
[BlackTeam ""]
[PlyCount "132"]
[TimeControl "720+1"]

1. d4 d5 2. c4 c6 3. Nf3 Nf6 4. Nc3 e6 5. e3 Nbd7 6. Qc2 Bd6 7. Bd3 dxc4 
8. Bxc4 O-O 9. O-O b5 10. Bd3 Bb7 11. a3 h6 12. Bd2 a5 13. h3 Rc8 14. b4 axb4 
15. axb4 Bxb4 16. Ne4 Be7 17. Ba5 Qe8 18. Nxf6+ Nxf6 19. Rfb1 Nd5 20. Bd2 Ra8 
21. Rxa8 Qxa8 22. Bh7+ Kh8 23. Bd3 Kg8 24. Bh7+ Kh8 25. Bd3 Nf6 26. Ne5 Kg8 
27. Bb4 Bxb4 28. Rxb4 Qd8 29. Rb1 Qd6 30. Be2 Nd7 31. Nd3 Ra8 32. Qb2 Qa3 
33. Qd2 Ra7 34. Bf3 c5 35. Nxc5 Bxf3 36. gxf3 Nxc5 37. dxc5 Qxc5 38. Qd8+ Kh7 
39. Qd3+ f5 40. Qxb5 Qxb5 41. Rxb5 Kg6 42. f4 Ra1+ 43. Kh2 Kf6 44. Kg2 Kf7 
45. h4 g6 46. Rb7+ Kf6 47. Kg3 Rc1 48. Kf3 Rh1 49. Kg3 Rg1+ 50. Kf3 Re1 
51. Rb6 Rg1 52. Rb7 h5 53. Rb6 Rf1 54. Rb7 Rh1 55. Rb6 Rxh4 56. Kg2 Rg4+ 
57. Kh2 h4 58. Kh3 g5 59. fxg5+ Rxg5 60. Kxh4 Rg4+ 61. Kh3 Ra4 62. Kg2 f4 
63. exf4 Rxf4 64. f3 Kf5 65. Rb5+ e5 66. Kg3 Rd4 1/2-1/2

[Event "Sunday 21 January Rapid Engine Tour 12+1 Rounds 9 Starts 1600 ST"]
[Site "Infinity Chess"]
[Date "2018.1.21"]
[Round "2"]
[White "hafaba"]
[Black "ocirema"]
[Result "1/2-1/2"]
[ECO "A06"]
[WhiteElo "2450"]
[BlackElo "2453"]
[WhiteEngine "Stockfish SL FA POPCNT_CTG"]
[BlackEngine "stockfish_18011309_x64_modern_CTG"]
[EventType "Swiss"]
[WhiteTeam ""]
[BlackTeam ""]
[PlyCount "78"]
[TimeControl "720+1"]

1. Nf3 d5 2. d4 Nf6 3. c4 e6 4. Nc3 c6 5. e3 Nbd7 6. Bd3 dxc4 7. Bxc4 b5 
8. Be2 Bb7 9. O-O a6 10. e4 c5 11. e5 Nd5 12. a4 b4 13. Nxd5 Bxd5 14. Be3 Be7 
15. Rc1 Qa5 16. Bc4 Bxc4 17. Rxc4 Nb6 18. Rc1 Qxa4 19. b3 Qd7 20. dxc5 Qxd1 
21. Rfxd1 Nd5 22. Rc4 a5 23. Ra1 Kd7 24. Nd4 Kc7 25. Bd2 Rhc8 26. f4 Kd8 
27. c6 Nb6 28. Rc2 a4 29. bxa4 Rxa4 30. Rxa4 Nxa4 31. Kf1 Ra8 32. Ke2 g6 
33. g4 Kc8 34. Rc1 Nb6 35. Nb5 Ra2 36. Nd6+ Kc7 37. Nb5+ Kc8 38. Nd6+ Kc7 
39. Nb5+ Kc8 1/2-1/2

[Event "Sunday 21 January Rapid Engine Tour 12+1 Rounds 9 Starts 1600 ST"]
[Site "Infinity Chess"]
[Date "2018.1.21"]
[Round "2"]
[White "SkyPilot"]
[Black "Ninja_Bp"]
[Result "1/2-1/2"]
[ECO "B90"]
[WhiteElo "2463"]
[BlackElo "2458"]
[WhiteEngine "stockfish_x64_bmi2_2018_01_13_CTG"]
[BlackEngine "Houdini 6_CTG"]
[EventType "Swiss"]
[WhiteTeam ""]
[BlackTeam ""]
[PlyCount "132"]
[TimeControl "720+1"]

1. e4 c5 2. Nf3 d6 3. d4 cxd4 4. Nxd4 Nf6 5. Nc3 a6 6. Be3 e5 7. Nb3 Be7 
8. Be2 Be6 9. O-O Nbd7 10. Bf3 Qc7 11. a4 Rc8 12. Re1 O-O 13. a5 Qc6 
14. Nc1 Rfe8 15. Nd3 Qc7 16. h3 h6 17. Nb4 Qc4 18. Nba2 Qc7 19. Nb4 Qc4 
20. Qc1 Nc5 21. Nd3 Nxd3 22. cxd3 Qc7 23. Qd2 Bd8 24. Rec1 Qb8 25. b4 b5 
26. Nd5 Qb7 27. Rxc8 Bxc8 28. Rc1 Nxd5 29. exd5 f5 30. Rc6 Qd7 31. d4 e4 
32. Bh5 Rf8 33. Bf4 Rf6 34. Be8 Qxe8 35. Rxc8 g5 36. Bh2 f4 37. Qe2 Kg7 
38. Rc6 Rf5 39. Rxa6 Bf6 40. Rxd6 Qe7 41. Re6 Qxb4 42. Qxe4 Qxd4 43. Re7+ Kg6 
44. Qxd4 Bxd4 45. g3 b4 46. Rb7 f3 47. g4 Rxd5 48. Rxb4 Rxa5 49. Bg3 Bc5 
50. Rb3 Ra3 51. Rb5 Bd4 52. Be5 Ba7 53. h4 Ra4 54. h5+ Kf7 55. Bg3 Ke6 
56. Rb7 Bc5 57. Rc7 Kd5 58. Rf7 Rxg4 59. Rxf3 Bd6 60. Rd3+ Kc5 61. Rxd6 Rxg3+ 
62. Kf1 Rg1+ 63. Kxg1 Kxd6 64. Kh1 Ke5 65. Kh2 Kd6 66. Kh3 Kd5 1/2-1/2

[Event "Sunday 21 January Rapid Engine Tour 12+1 Rounds 9 Starts 1600 ST"]
[Site "Infinity Chess"]
[Date "2018.1.21"]
[Round "2"]
[White "RonWeasley"]
[Black "angriff"]
[Result "1-0"]
[ECO "B00"]
[WhiteElo "2475"]
[BlackElo "2464"]
[WhiteEngine "BrainFish 130117_CTG"]
[BlackEngine "Raubfisch ME262_GTZ16b2_CTG"]
[EventType "Swiss"]
[WhiteTeam ""]
[BlackTeam ""]
[PlyCount "141"]
[TimeControl "720+1"]

1. e4 Nc6 2. Nc3 e5 3. g3 Nf6 4. Bg2 Bc5 5. d3 a5 6. Nge2 O-O 7. O-O d6 
8. h3 Bd7 9. Kh2 a4 10. a3 Qe7 11. f4 h6 12. f5 Nd4 13. Bd2 c6 14. Nxd4 exd4 
15. Na2 b5 16. Qf3 Ba7 17. Rae1 Rae8 18. g4 c5 19. h4 Bb8 20. Bf4 g6 
21. Bxh6 d5+ 22. Bf4 dxe4 23. dxe4 Be5 24. Nc1 Qd6 25. Bxe5 Qxe5+ 26. Kg1 c4 
27. g5 Nh5 28. Ne2 Bc6 29. Nf4 Qxf4 30. Qxf4 Nxf4 31. Rxf4 Re5 32. Kh2 d3 
33. cxd3 cxd3 34. f6 Rd8 35. Rf2 b4 36. Rd2 Rc5 37. axb4 Rc4 38. Kg3 Rxb4 
39. Bf3 Rdb8 40. Rxd3 Rxb2 41. Rd6 Rc2 42. h5 gxh5 43. Bxh5 Be8 44. Bf3 Kf8 
45. Red1 a3 46. Ra6 Rc3 47. Rh1 Kg8 48. Kf4 Bc6 49. Ra7 Re8 50. Ra1 Rxf3+ 
51. Kxf3 Rxe4 52. R1xa3 Rc4+ 53. Kg3 Bd5 54. Re7 Bh1 55. g6 fxg6 56. Raa7 Rc3+ 
57. Kf4 Rc4+ 58. Kg5 Bc6 59. Rac7 Bb5 60. f7+ Kf8 61. Rxc4 Bxc4 62. Kf6 Bxf7 
63. Rxf7+ Ke8 64. Kxg6 Kd8 65. Kf6 Ke8 66. Rg7 Kd8 67. Ke6 Kc8 68. Kd6 Kb8 
69. Kc6 Ka8 70. Kb6 Kb8 71. Rg8# 1-0

[Event "Sunday 21 January Rapid Engine Tour 12+1 Rounds 9 Starts 1600 ST"]
[Site "Infinity Chess"]
[Date "2018.1.21"]
[Round "2"]
[White "Murx"]
[Black "Marsell"]
[Result "1-0"]
[ECO "D43"]
[WhiteElo "2494"]
[BlackElo "2477"]
[WhiteEngine "BrainFish_180113_x64_modern"]
[BlackEngine "asmFishW_2018-01-11_popcnt"]
[EventType "Swiss"]
[WhiteTeam ""]
[BlackTeam ""]
[PlyCount "179"]
[TimeControl "720+1"]

1. d4 d5 2. c4 e6 3. Nc3 Nf6 4. Nf3 c6 5. Bg5 h6 6. Bxf6 Qxf6 7. e3 Nd7 
8. Be2 g6 9. O-O Be7 10. Nd2 O-O 11. Rc1 Qg7 12. Qc2 Rd8 13. a3 h5 14. Rfd1 a6 
15. Na2 g5 16. Nb4 g4 17. Nd3 Bd6 18. f4 f5 19. Ne5 h4 20. cxd5 cxd5 21. Nb3 Nf6 
22. Nc5 Rb8 23. Qb3 h3 24. Qb6 Bc7 25. Qa7 Bd6 26. g3 Qe7 27. Rd3 Bd7 
28. Rb3 Be8 29. Bd3 Rdc8 30. Rcc3 Bxc5 31. Rxc5 Rxc5 32. dxc5 Rc8 33. c6 Bxc6 
34. Nxc6 Rxc6 35. Rxb7 Rc1+ 36. Kf2 Qe8 37. Re7 Qf8 38. Rxe6 Rh1 39. Qb6 Rxh2+ 
40. Kf1 Rh1+ 41. Ke2 Kg7 42. Qc7+ Kg8 43. Qc6 Kg7 44. Qc7+ Kg8 45. Qc3 Rh2+ 
46. Kd1 Rh1+ 47. Ke2 Rh2+ 48. Kd1 Rh1+ 49. Kc2 Nd7 50. Rg6+ Kf7 51. Rc6 h2 
52. Bxf5 Rc1+ 53. Kxc1 h1=Q+ 54. Kc2 Qfh8 55. Qb4 Qb8 56. Be6+ Kg7 57. Qd4+ Nf6 
58. Bf5 Qh6 59. Kb1 Qd8 60. Qe5 Qh1+ 61. Ka2 Qh5 62. Rc7+ Qxc7 63. Qxc7+ Qf7 
64. Qe5 Qh5 65. Kb3 a5 66. Ka4 Qf7 67. Bxg4 Qb7 68. Be6 Qe7 69. g4 Qe8+ 
70. Kxa5 Qd8+ 71. Kb5 Kf8 72. g5 Ne8 73. Bxd5 Qc8 74. Bc6 Nc7+ 75. Kb6 Qb8+ 
76. Bb7 Na8+ 77. Kc6 Qa7 78. Qd4 Qa5 79. Qb4+ Qxb4 80. axb4 Nb6 81. Kxb6 Ke7 
82. Kc7 Ke6 83. Be4 Kf7 84. f5 Kg7 85. f6+ Kg8 86. g6 Kh8 87. Kd7 Kg8 
88. Ke7 Kh8 89. f7 Kg7 90. f8=Q# 1-0

[Event "Sunday 21 January Rapid Engine Tour 12+1 Rounds 9 Starts 1600 ST"]
[Site "Infinity Chess"]
[Date "2018.1.21"]
[Round "2"]
[White "OlivierEvan"]
[Black "Deep_Impact"]
[Result "1/2-1/2"]
[ECO "E10"]
[WhiteElo "2397"]
[BlackElo "2518"]
[WhiteEngine "Houdini 6"]
[BlackEngine "BrainFish_180113_x64_modern"]
[EventType "Swiss"]
[WhiteTeam ""]
[BlackTeam ""]
[PlyCount "59"]
[TimeControl "720+1"]

1. d4 Nf6 2. c4 e6 3. Nf3 d5 4. Nc3 c6 5. Bg5 h6 6. Bxf6 Qxf6 7. e3 Nd7 
8. Be2 g6 9. O-O Bg7 10. e4 dxe4 11. Nxe4 Qf4 12. Qc2 f5 13. Ned2 c5 14. g3 Qc7 
15. Nh4 Bxd4 16. Nxg6 Rg8 17. Nh4 Nf6 18. Ndf3 Rxg3+ 19. hxg3 Qxg3+ 20. Ng2 Ng4 
21. Qd2 Bxf2+ 22. Rxf2 Qxf2+ 23. Kh1 Bd7 24. Rf1 Qg3 25. Qe1 Qxe1 26. Nfxe1 Ne5 
27. Nf3 Ng4 28. Nfe1 Ne5 29. Nf3 Ng4 30. Nfe1 1/2-1/2

[Event "Sunday 21 January Rapid Engine Tour 12+1 Rounds 9 Starts 1600 ST"]
[Site "Infinity Chess"]
[Date "2018.1.21"]
[Round "1"]
[White "Katzenmaier"]
[Black "OlivierEvan"]
[Result "0-1"]
[ECO "C26"]
[WhiteElo "2453"]
[BlackElo "2378"]
[WhiteEngine "S_XPrO.211217.x64.POPCNT_CTG"]
[BlackEngine "Houdini 6"]
[EventType "Swiss"]
[WhiteTeam ""]
[BlackTeam ""]
[PlyCount "138"]
[TimeControl "720+1"]

1. e4 e5 2. Nc3 Nf6 3. g3 Bc5 4. Bg2 Nc6 5. d3 a5 6. Nge2 d6 7. O-O O-O 8. h3 h6 
9. Kh2 Nd4 10. f4 Bd7 11. f5 c6 12. Nxd4 Bxd4 13. g4 a4 14. Ne2 Bc5 15. Qe1 d5 
16. Qg3 a3 17. b3 Be7 18. c3 Bc8 19. h4 h5 20. g5 Ng4+ 21. Kh1 dxe4 22. dxe4 Qd6 
23. Bf3 g6 24. Bxg4 hxg4 25. Kg1 Rd8 26. Qf2 gxf5 27. exf5 Qd3 28. Be3 c5 
29. Rae1 b5 30. Nc1 Qxc3 31. f6 Bf8 32. g6 c4 33. b4 Rb8 34. Re2 Be6 35. g7 Bd6 
36. Bc5 Bc7 37. Re3 Qb2 38. Re2 Qb1 39. h5 Bd5 40. Rc2 Be4 41. Nd3 Qxc2 
42. Qxc2 Rxd3 43. Qc1 Rg3+ 44. Kf2 Rg2+ 45. Ke3 Bd3 46. Rf2 Rg3+ 47. Kd2 Rd8 
48. Qe1 e4 49. Be3 Rh3 50. Kc1 Rf3 51. h6 Kh7 52. Rd2 Rf1 53. Qd1 Rxd1+ 
54. Rxd1 g3 55. Rh1 Be5 56. Rh5 Bb2+ 57. Kd1 c3 58. Rc5 c2+ 59. Kd2 g2 
60. g8=Q+ Rxg8 61. Bg1 Rd8 62. Rxc2 Bxc2+ 63. Kxc2 Bd4 64. Bh2 g1=Q 
65. Bxg1 Bxg1 66. Kb3 Rd3+ 67. Kc2 Be3 68. Kb1 Rc3 69. Ka1 Rc1# 0-1

[Event "Sunday 21 January Rapid Engine Tour 12+1 Rounds 9 Starts 1600 ST"]
[Site "Infinity Chess"]
[Date "2018.1.21"]
[Round "1"]
[White "IronMan"]
[Black "hafaba"]
[Result "1/2-1/2"]
[ECO "A05"]
[WhiteElo "2384"]
[BlackElo "2453"]
[WhiteEngine "Eman 1.58 64-bit BMI2"]
[BlackEngine "Stockfish SL FA POPCNT_CTG"]
[EventType "Swiss"]
[WhiteTeam ""]
[BlackTeam ""]
[PlyCount "121"]
[TimeControl "720+1"]

1. Nf3 Nf6 2. d4 e6 3. c4 b6 4. g3 Bb7 5. Bg2 Be7 6. O-O O-O 7. Nc3 Ne4 
8. Qc2 Nxc3 9. Qxc3 c5 10. Rd1 Bf6 11. Qb3 Na6 12. d5 exd5 13. cxd5 d6 
14. Nd2 Nc7 15. a4 Qd7 16. Nc4 Ba6 17. Ra2 Rfb8 18. Bd2 Bxc4 19. Qxc4 b5 
20. axb5 Qxb5 21. Qxb5 Rxb5 22. Ba5 Ne8 23. Bh3 Rb7 24. Rd2 g6 25. e4 Bd4 
26. Bc3 Bxc3 27. bxc3 Rb1+ 28. Bf1 a5 29. Ra3 Nf6 30. f3 g5 31. Kg2 g4 
32. Bd3 Rc1 33. Rc2 gxf3+ 34. Kxf3 Rd1 35. Be2 Rh1 36. Kg2 Re1 37. Ra4 Kg7 
38. Bf3 Rb1 39. Rca2 Rc1 40. c4 h5 41. Rxa5 Rxa5 42. Rxa5 Rc2+ 43. Kf1 Rxc4 
44. Ra6 Nxe4 45. Bxe4 Rxe4 46. Rxd6 Rd4 47. Kf2 Rd2+ 48. Ke3 Rxh2 49. Rc6 Rc2 
50. d6 Kf6 51. Rc7 Rc3+ 52. Kf4 Rc4+ 53. Ke3 Kg6 54. d7 Rd4 55. Rc6+ f6 
56. Rc7 Rd1 57. Ke2 Rd5 58. Kf3 c4 59. Kf4 c3 60. Ke4 Rd2 61. Rxc3 1/2-1/2

[Event "Sunday 21 January Rapid Engine Tour 12+1 Rounds 9 Starts 1600 ST"]
[Site "Infinity Chess"]
[Date "2018.1.21"]
[Round "1"]
[White "Ninja_Bp"]
[Black "BraveDevil"]
[Result "1/2-1/2"]
[ECO "B90"]
[WhiteElo "2461"]
[BlackElo "2384"]
[WhiteEngine "Houdini 6"]
[BlackEngine "Cryptic AIL V1"]
[EventType "Swiss"]
[WhiteTeam ""]
[BlackTeam ""]
[PlyCount "100"]
[TimeControl "720+1"]

1. e4 c5 2. Nf3 d6 3. d4 cxd4 4. Nxd4 Nf6 5. Nc3 a6 6. Be3 e5 7. Nb3 Be7 
8. Be2 Be6 9. O-O O-O 10. Qd3 Nc6 11. a3 Rc8 12. Rac1 Nd7 13. Rfd1 Nc5 
14. Nxc5 dxc5 15. Qxd8 Rcxd8 16. Nd5 Bxd5 17. exd5 Nd4 18. Bf1 b5 19. c4 Rb8 
20. f4 f6 21. g3 bxc4 22. Bxc4 Bd6 23. Bxd4 exd4 24. b3 Rfe8 25. Re1 a5 
26. Re6 Rxe6 27. dxe6 Kf8 28. h4 f5 29. h5 g6 30. hxg6 hxg6 31. Kg2 Kg7 
32. a4 Be7 33. Rh1 Rh8 34. Rxh8 Kxh8 35. Kf2 Kg7 36. Ke2 g5 37. fxg5 Kg6 
38. Kd3 Kxg5 39. b4 cxb4 40. Kxd4 Bf6+ 41. Kc5 Kg4 42. Bd3 b3 43. Kb6 Bd8+ 
44. Kc6 Kxg3 45. Bxf5 Kf4 46. Bb1 Be7 47. Kd7 Bf6 48. e7 Bxe7 49. Kxe7 Ke5 
50. Ke8 Kd6 1/2-1/2

[Event "Sunday 21 January Rapid Engine Tour 12+1 Rounds 9 Starts 1600 ST"]
[Site "Infinity Chess"]
[Date "2018.1.21"]
[Round "1"]
[White "Prometheus"]
[Black "SkyPilot"]
[Result "1/2-1/2"]
[ECO "A00"]
[WhiteElo "2416"]
[BlackElo "2465"]
[WhiteEngine "Eman 1.58-64bit-IDeA"]
[BlackEngine "stockfish_x64_bmi2_2018_01_13_CTG"]
[EventType "Swiss"]
[WhiteTeam ""]
[BlackTeam ""]
[PlyCount "166"]
[TimeControl "720+1"]

1. g3 e5 2. c4 Nc6 3. Bg2 g6 4. Nc3 Bg7 5. e3 Nge7 6. Nge2 d6 7. b3 O-O 
8. Bb2 Bg4 9. h3 Bf5 10. d3 Nb4 11. e4 Bd7 12. O-O c5 13. f4 Nbc6 14. Bc1 f5 
15. fxe5 dxe5 16. Be3 Nd4 17. Rc1 Rc8 18. Qd2 b6 19. Bg5 Ne6 20. Bh6 Qc7 
21. Nd5 Qd6 22. Rf2 Rf7 23. Rcf1 Rcf8 24. h4 Nxd5 25. cxd5 Nc7 26. Bxg7 Kxg7 
27. Nc3 Ne8 28. Bh3 Qe7 29. a4 Kg8 30. Qh6 Kh8 31. Nb1 Nd6 32. Nd2 Rf6 
33. Qg5 Nf7 34. Qe3 f4 35. gxf4 Bxh3 36. Qxh3 exf4 37. Kh1 Ne5 38. Nc4 h6 
39. Rg1 Kh7 40. Kh2 Kg8 41. Kh1 Kg7 42. Rgf1 a6 43. Nxe5 Qxe5 44. Qf3 Qc3 
45. Rg1 R8f7 46. Re2 Re7 47. Rg4 Kh7 48. Rf2 Ref7 49. Kh2 Qe5 50. Rg1 Kg8 
51. Kh1 Kg7 52. Rc2 a5 53. Rf2 Qc3 54. Rfg2 Qe5 55. Rg4 Kh7 56. R1g2 Rg7 
57. Rf2 Rgf7 58. Rfg2 Qa1+ 59. Kh2 Rg7 60. Rf2 Qe5 61. Kh1 g5 62. Qh3 Kg8 
63. Rgg2 Rf8 64. Rg1 Qd4 65. Rf3 gxh4 66. Rxg7+ Qxg7 67. Qxh4 Qa1+ 68. Kh2 Qb2+ 
69. Rf2 Qe5 70. Qg4+ Kh7 71. Kh3 Rg8 72. Qxf4 Qh5+ 73. Qh4 Qg6 74. Ra2 Qf7 
75. Rf2 Qg6 76. Rc2 Rg7 77. Rb2 Qf7 78. Rf2 Qg6 79. Rh2 Qf7 80. Rf2 Qg6 
81. Rc2 Rg8 82. Rb2 Qf7 83. Rf2 Qg6 1/2-1/2

[Event "Sunday 21 January Rapid Engine Tour 12+1 Rounds 9 Starts 1600 ST"]
[Site "Infinity Chess"]
[Date "2018.1.21"]
[Round "1"]
[White "angriff"]
[Black "Thinker"]
[Result "1/2-1/2"]
[ECO "E10"]
[WhiteElo "2466"]
[BlackElo "2425"]
[WhiteEngine "Raubfisch ME262_GTZ16b2_CTG"]
[BlackEngine "BrainFish_180113_x64_modern_CTG"]
[EventType "Swiss"]
[WhiteTeam ""]
[BlackTeam ""]
[PlyCount "86"]
[TimeControl "720+1"]

1. d4 Nf6 2. c4 e6 3. Nf3 d5 4. Nc3 Be7 5. Bf4 O-O 6. e3 Nbd7 7. a3 c5 
8. cxd5 Nxd5 9. Nxd5 exd5 10. dxc5 Nxc5 11. Be2 Bf5 12. Be5 Bf6 13. Bxf6 Qxf6 
14. Qd4 Qd6 15. Rd1 Rfd8 16. Qc3 Be4 17. O-O Rac8 18. Nd4 Ne6 19. Qd2 h6 
20. Rc1 Qb6 21. Rfe1 Nxd4 22. Qxd4 Qxd4 23. exd4 Kf8 24. Bg4 Rxc1 25. Rxc1 Bd3 
26. f4 f5 27. Bd1 Ke7 28. Rc7+ Rd7 29. Rc3 Be4 30. h4 Kf6 31. h5 Ke6 32. Kf2 Kd6 
33. Rg3 Ke6 34. Rg6+ Kf7 35. Bb3 Rc7 36. Rd6 Ke7 37. Rg6 Kf7 38. g3 Rc1 
39. Rd6 Ke7 40. Rg6 Kf8 41. Rd6 Ke7 42. Rg6 Kf7 43. Rd6 Ke7 1/2-1/2

[Event "Sunday 21 January Rapid Engine Tour 12+1 Rounds 9 Starts 1600 ST"]
[Site "Infinity Chess"]
[Date "2018.1.21"]
[Round "1"]
[White "Marsell"]
[Black "incredible"]
[Result "1/2-1/2"]
[ECO "C53"]
[WhiteElo "2478"]
[BlackElo "2447"]
[WhiteEngine "asmFishW_2018-01-11_popcnt"]
[BlackEngine "Stockfish_x64_bmi2"]
[EventType "Swiss"]
[WhiteTeam ""]
[BlackTeam ""]
[PlyCount "83"]
[TimeControl "720+1"]

1. e4 e5 2. Nf3 Nc6 3. Bc4 Bc5 4. c3 Nf6 5. d3 d6 6. O-O O-O 7. h3 h6 8. Re1 a6 
9. Nbd2 Na5 10. b4 Nxc4 11. bxc5 Nxd2 12. Qxd2 Re8 13. cxd6 cxd6 14. a4 b6 
15. c4 Bd7 16. Qb2 Bc6 17. Be3 Rb8 18. Nd2 Nd7 19. d4 exd4 20. Bxd4 f6 
21. f3 Nc5 22. Qc2 a5 23. Be3 f5 24. exf5 Qf6 25. Nf1 Re5 26. Red1 Rbe8 
27. Bd4 Qxf5 28. Qb1 Bxa4 29. Bxe5 Qxe5 30. Rd5 Qc3 31. Rxd6 Bc2 32. Qb5 Re2 
33. Rc1 Kh7 34. Ng3 Qe3+ 35. Kh2 Rxg2+ 36. Kxg2 Qxc1 37. Qxb6 Nd3 38. Qxa5 Ne1+ 
39. Kf2 Nd3+ 40. Kg2 Ne1+ 41. Kf2 Nd3+ 42. Kg2 1/2-1/2

[Event "Sunday 21 January Rapid Engine Tour 12+1 Rounds 9 Starts 1600 ST"]
[Site "Infinity Chess"]
[Date "2018.1.21"]
[Round "1"]
[White "MarioDeMonti"]
[Black "Murx"]
[Result "1/2-1/2"]
[ECO "C50"]
[WhiteElo "2447"]
[BlackElo "2496"]
[WhiteEngine "stockfish_x64_bmi2_2018_01_13_CTG"]
[BlackEngine "BrainFish_180113_x64_modern"]
[EventType "Swiss"]
[WhiteTeam ""]
[BlackTeam ""]
[PlyCount "101"]
[TimeControl "720+1"]

1. e4 e5 2. Nf3 Nc6 3. Bc4 Bc5 4. O-O Nf6 5. d3 d6 6. c3 a5 7. Re1 O-O 8. h3 h6 
9. Nbd2 Be6 10. Bb5 Qb8 11. Nf1 Qa7 12. Re2 a4 13. Ng3 Qa5 14. Bxc6 bxc6 
15. Nh4 Rfe8 16. Re1 d5 17. exd5 cxd5 18. Rxe5 Bf8 19. Qc2 c5 20. Bd2 Nd7 
21. Re2 c4 22. d4 a3 23. bxa3 Qa4 24. Qc1 Bxa3 25. Qf1 Nf6 26. Nf3 Bd6 
27. Ne5 Reb8 28. f4 Bc8 29. f5 Rb2 30. Qf3 Qb5 31. Nh5 Nxh5 32. Qxh5 Bxe5 
33. dxe5 Rb1+ 34. Re1 Qb6+ 35. Kh2 Rxa1 36. Rxa1 Qf2 37. e6 Qxd2 38. Qxf7+ Kh7 
39. Qg6+ Kh8 40. Qe8+ Kh7 41. e7 Bxf5 42. Qxa8 Be4 43. Rg1 Qf4+ 44. Kh1 Qg3 
45. Qc8 Bxg2+ 46. Rxg2 Qe1+ 47. Kh2 Qe5+ 48. Kg1 Qe1+ 49. Kh2 Qe5+ 50. Kg1 Qe1+ 
51. Kh2 1/2-1/2